[Event "Early-Titled-Tuesday-Blitz-May-14-2024"]
[Site "Chess.com"]
[Date "2024.05.14"]
[Round "8"]
[White "MathiasWomacka"]
[Black "Acva-Alenok"]
[Result "1/2-1/2"]
[WhiteElo "2519"]
[BlackElo "2374"]
[TimeControl "180+1"]
[EndTime "9:32:05 PDT"]
[Termination "Game drawn - insufficient material"]

1. e4 c6 2. d4 d5 3. Nd2 dxe4 4. Nxe4 Bf5 5. Ng3 Bg6 6. h4 h6 7. Nf3 Nd7 8. h5 Bh7 9. Bd3 Bxd3 10. Qxd3 e6 11.
Bd2 Ngf6 12. O-O-O Be7 13. Kb1 O-O 14. Ne4 Nxe4 15. Qxe4 Nf6 16. Qe2 Qd5 17. Ne5 c5 18. dxc5 Bxc5 19. f3 Bd4 20. Bc3 Qxe5 21. Qxe5 Bxe5 22. Bxe5 Nd5 23. Rd3 Rfc8 24. g4 Rc6 25. Re1 Rac8 26. c3 b5 27. Re4 a5 28. a4 b4 29. Ka2 bxc3 30. bxc3 Nxc3+ 31. Bxc3 Rxc3 32. Rxc3 Rxc3 33. Re5 Rxf3 34. Rxa5 f5 35. gxf5 exf5 36. Rb5 Rf1 37. a5 Rf2+ 38. Ka3 Rf3+ 39. Rb3 Rf1 40.
Ka2 Re1 41. a6 Re6 42. Ra3 Re8 43. Kb3 Kf7 44. Kc4 Kf6 45. Kd5 Kg5 46. Rg3+ Kxh5 47. Rxg7 Rd8+ 48. Ke5 Rf8 49. Kf4 Ra8 50. a7 Kh4 51.
Kxf5 Kh5 52. Ke6 Kh4 53. Kd6 h5 54. Kc6 Rf8 55. Kb7 Kh3 56. a8=Q Rxa8 57. Kxa8 h4 58. Kb7 Kh2 59. Kc6 h3 60. Kd5 Kh1 61. Ke4 h2 62.
Ra7 Kg2 63. Ra2+ Kg3 64. Ra1 Kg2 65. Kf4 h1=Q 66. Rxh1 Kxh1 1/2-1/2

[Event "Early-Titled-Tuesday-Blitz-May-14-2024"]
[Site "Chess.com"]
[Date "2024.05.14"]
[Round "8"]
[White "secrethawk1"]
[Black "alvarorodriguezavila"]
[Result "1/2-1/2"]
[WhiteElo "2432"]
[BlackElo "2311"]
[TimeControl "180+1"]
[EndTime "9:32:10 PDT"]
[Termination "Game drawn - insufficient material"]

1. e4 c5 2. Nf3 g6 3. d4 cxd4 4. Nxd4 Bg7 5. c4 Nc6 6. Be3 Nf6 7. Nc3 O-O 8. Be2 d6 9. O-O Bd7 10. Qd2 Nxd4 11. Bxd4 Bc6 12. Bd3 a5 13. Rae1 a4 14. f4 Nd7 15. e5 e6 16. Kh1 Qa5 17. Qe3 dxe5 18. fxe5 Rad8 19. Bb1 b6 20. Be4 Bxe4 21. Nxe4 Bxe5 22. Bxe5 Nxe5 23. Nf6+ Kg7 24. Qxe5 Qxe5 25. Rxe5 Rd2 26. Rb5 Rfd8 27. Ne4 Rd1 28. Kg1 f5 29. Nf2 R1d4 30. Rxb6 Rxc4 31. Rxe6 Rd2 32. b3 Rb4 33. bxa4 Rxa4 34. Re7+ Kh6 35.
h4 Rxh4 36. Rc1 Ra4 37. Rcc7 Raxa2 38. Rxh7+ Kg5 39. Nh3+ Kf6 40. Rhf7+ Ke6 41. Nf4+ Ke5 42. Nxg6+ Ke4 43. Rce7+ Kd3 44. Rd7+ Ke2 45. Rfe7+ Kd1 46.
Rxd2+ Rxd2 47. Re5 Rd6 48. Nf4 Rf6 49. Nd5 Rf8 50. Ne3+ Kd2 51. Rxf5 Rg8 52. Nf1+ Ke2 53. Rf2+ Kd3 54. Rf3+ Ke4 55. Kf2 Ke5 56. g3 Rg7 57. Re3+ Kf5 58. Nd2 Rd7 59. Nf3 Rc7 60. Re5+ Kf6 61.
Rh5 Rc3 62. Nd4 Rd3 63. Ne2 Kg7 64. Rg5+ Kf6 65. Rg6+ Kf7 66. Nf4 Ra3 67. Rg5 Kf6 68. Rd5 Kf7 69. Rd2 Kf6 70. g4 Kg5 71.
Ne2 Kxg4 72. Rd5 Rf3+ 73. Kg2 Ra3 74. Ng1 Ra2+ 75. Kf1 Kg3 76. Rg5+ Kf4 77. Nh3+ Kf3 78. Rf5+ Kg4 79. Rf2 Rxf2+ 80. Nxf2+ 1/2-1/2

[Event "Early-Titled-Tuesday-Blitz-May-14-2024"]
[Site "Chess.com"]
[Date "2024.05.14"]
[Round "8"]
[White "HouseOfDurin"]
[Black "kritipatel"]
[Result "0-1"]
[WhiteElo "2247"]
[BlackElo "2171"]
[TimeControl "180+1"]
[EndTime "9:32:10 PDT"]
[Termination "kritipatel won by resignation"]

1. d4 d5 2. Bg5 h6 3. Bh4 Nd7 4. e3 Ngf6 5. c4 e6 6. Nc3 Be7 7. cxd5 exd5 8. Nf3 O-O 9. Ne5 c5 10. Nxd7 Bxd7 11. dxc5 Bxc5 12. Nxd5 Qa5+ 13. Nc3 Bb4 14. Bxf6 gxf6 15. Qd4 Rfd8 16. Qxf6 Qh5 17. Be2 Bg4 18.
Bxg4 Qxg4 19. Qf3 Qg7 20. Rc1 Rac8 21. O-O Bxc3 22. Rxc3 Rxc3 23. bxc3 Qxc3 24. Qxb7 a5 25. Qb3 Qe5 26. g3 Rd2 27. Qc4 Qf5 28. a4 Rc2 29. Qh4 Kg7 30. g4 Qf3 31. Qg3 Qf6 32. Rd1 Ra2 33. Rd6 Qa1+ 34. Kg2 Rxa4 35. Qf4 Rxf4 36. exf4 Qa3 37. Rd2 Qb4 38. Re2 a4 39. g5 Qxf4 40.
gxh6+ Qxh6 41. Re3 a3 42. Rxa3 Qg6+ 43. Kf1 Qb1+ 44.
Kg2 Qb7+ 45. Kf1 Qb1+ 46. Kg2 Qe4+ 47. Kf1 Qc4+ 48. Kg2 f6 49. Rg3+ Kf7 50. Re3 Qd5+ 51. Kg1 Qg5+ 52. Kf1 Qh4 53. h3 Qg5 54. Ke2 f5 55.
Ke1 f4 56. Rd3 Qf5 57. Kd2 Kf6 58. Kc2 f3 59. Kd2 Qxh3 60. Re3 Qg2 61. Ke1 Kf5 62. Kd2 Qg1 63. Kd3 Qxf2 64. Kd4 Qd2+ 65. Rd3 Qf4+ 66. Kc3 f2 67. Rd1 f1=Q 68. Rxf1 Qxf1 69.
Kd4 Qd1+ 70. Ke3 Qb3+ 71. Kd4 Kf4 72. Kc5 Qd3 73. Kc6 Ke5 74. Kb6 Qd5 75. Kc7 Qe6 76.
Kb7 Kd5 77. Kc7 Kc5 78. Kb7 Qc6+ 79. Kb8 Qd7 80. Ka8 Kb6 0-1

[Event "Early-Titled-Tuesday-Blitz-May-14-2024"]
[Site "Chess.com"]
[Date "2024.05.14"]
[Round "8"]
[White "sokidze"]
[Black "AryanTari"]
[Result "0-1"]
[WhiteElo "2801"]
[BlackElo "3043"]
[TimeControl "180+1"]
[EndTime "9:32:11 PDT"]
[Termination "AryanTari won by resignation"]

1. d4 d5 2. c4 e6 3. Nf3 Nf6 4. g3 Bd6 5. Bg2 h6 6. O-O O-O 7. Nc3 Nc6 8. b3 dxc4 9. bxc4 e5 10. c5 exd4 11. Nxd4 Bxc5 12. Nxc6 bxc6 13. Qc2 Qe7 14. Bb2 Rb8 15. Rab1 Ng4 16. Ne4 Bb6 17. h3 f5 18.
hxg4 fxe4 19. Qc4+ Kh8 20. Qxe4 Qxe4 21. Bxe4 Bxg4 22.
e3 Be6 23. Bxc6 Bxa2 24. Ra1 Be6 25. Be5 Rf5 26. Bd4 a5 27. Rfc1 Rbf8 28. Rc2 Bb3 29. Rb2 a4 30. Bxa4 Bxd4 31. exd4 Bd5 32. Bd1 h5 33. Rc1 h4 34. gxh4 Rf4 35. h5 Rh4 36. f3 Rxd4 37. Rg2 c6 38. Be2 Re8 39. Rf1 Rf4 40. Bd1 Re5 41. Rh2 Rff5 42. h6 g6 43.
Bc2 Rf6 44. Rg2 Kh7 45. Rh2 Rxf3 46. Rxf3 Bxf3 47. Bd3 Bd5 48. Kf2 Be4 49. Ke3 Bxd3+ 50. Kxd3 Rh5 51. Rc2 c5 52. Ke4 Kxh6 53. Rg2 Rf5 54.
Rh2+ Kg7 55. Rg2 Kf6 56. Ra2 Re5+ 57. Kf4 Rd5 58. Ra6+ Kg7 59. Rc6 Kh6 60. Kg4 Rd4+ 61. Kg3 Rc4 62. Kf3 Kg5 63. Rc8 Kf5 64. Rf8+ Ke5 65.
Re8+ Kf6 66. Rf8+ Kg5 67. Re8 Rc1 68. Re5+ Kf6 69. Re8 c4 70. Rc8 c3 71. Rc6+ Kg5 72. Rc5+ Kh6 73. Kg2 Kg7 74. Rc6 Kf7 75. Rc7+ Ke6 76.
Rc6+ Kd5 77. Rxg6 c2 78. Rg5+ Kd4 79. Rg4+ Kd3 80. Rg8 Rd1 81. Rd8+ Ke4 82. Re8+ Kf5 0-1

[Event "Early-Titled-Tuesday-Blitz-May-14-2024"]
[Site "Chess.com"]
[Date "2024.05.14"]
[Round "8"]
[White "Pedrada88"]
[Black "Korchmar_Vasiliy"]
[Result "0-1"]
[WhiteElo "2557"]
[BlackElo "2681"]
[TimeControl "180+1"]
[EndTime "9:32:14 PDT"]
[Termination "Korchmar_Vasiliy won by resignation"]

1. d4 Nf6 2. Nf3 g6 3. g3 Bg7 4.
Bg2 O-O 5. O-O c5 6. c3 cxd4 7.
cxd4 d5 8. Nc3 Ne4 9. Ng5 Nxc3 10. bxc3 Nc6 11. e4 dxe4 12. Nxe4 Be6 13. Nc5 Bc4 14. Re1 Qc8 15. Qa4 b5 16. Qc2 Bxd4 17. Bxc6 Bxc5 18. Bxa8 Qxa8 19. Be3 Bd6 20. a4 Qf3 21. Qd1 Qxd1 22.
Rexd1 bxa4 23. Rxa4 Bb3 24. Rxd6 exd6 25. Rxa7 Bd5 26.
f4 Rb8 27. Bd4 Rb1+ 28. Kf2 Rb2+ 29. Ke3 Rxh2 30. Rd7 Kf8 31. Bf6 Bc6 32. Rxd6 Be8 33. c4 Rc2 34. Kd4 Rd2+ 35. Ke5 Re2+ 36. Kd5 Rd2+ 37.
Bd4 Rg2 38. c5 Rxg3 39. c6 Bxc6+ 40. Rxc6 h5 41. Bf6 Re3 42. Rc8+ Re8 43. Bg7+ Ke7 44. Rxe8+ Kxe8 45. Bf6 Kd7 46. Ke5 Kc6 47. Bg5 Kd7 48. Kf6 Ke8 49. Bh4 Kf8 50. Bg5 Kg8 51. Bh4 Kf8 52.
Kg5 Kg7 53. Bf2 f6+ 54. Kh4 Kh6 55. Be3 Kg7 56. Kg3 Kf7 57. Kf3 Ke6 58. Ke4 Kd6 59. Bf2 Ke6 60. Bh4 Kf7 61. Be1 Ke6 62. Bf2 Kd6 63. Kd4 Ke6 64. Bg3 Kf5 65. Ke3 Kg4 66. Bf2 h4 67. Bg1 Kg3 68. Ke4 h3 69. f5 gxf5+ 70. Kxf5 Kg2 71. Kg4 f5+ 72. Kh4 f4 73.
Bh2 f3 74. Bg3 f2 75. Bxf2 h2 76. Kg4 h1=Q 77. Bg3 Qh3+ 78. Kf4 Qxg3+ 79. Kf5 Qf3+ 80. Ke6 Qf4 81. Kd5 Qe3 0-1

[Event "Early-Titled-Tuesday-Blitz-May-14-2024"]
[Site "Chess.com"]
[Date "2024.05.14"]
[Round "8"]
[White "ChessQueen"]
[Black "Vesper2018"]
[Result "1/2-1/2"]
[WhiteElo "2774"]
[BlackElo "2566"]
[TimeControl "180+1"]
[EndTime "9:32:19 PDT"]
[Termination "Game drawn - insufficient material"]

1. e4 c5 2. d4 cxd4 3. Qxd4 Nc6 4. Qd3 g6 5. Nc3 Bg7 6. Nf3 d6 7. Be2 Nf6 8. O-O O-O 9. Nd5 Nd7 10. c3 Nc5 11.
Qc2 e6 12. Nf4 Qe7 13. Rd1 Ne5 14. Nd4 a6 15. a4 b6 16. b4 Ncd7 17. Ba3 Bb7 18.
f3 Rfc8 19. Qb3 Bh6 20. Nh3 d5 21. f4 Nc4 22. Bxc4 dxc4 23. Qc2 e5 24. b5 Nc5 25. Nc6 Bxc6 26. bxc6 Rxc6 27. f5 Qc7 28. Nf2 Be3 29. Qe2 Bxf2+ 30. Kxf2 Nd3+ 31. Kg1 Re8 32. Rf1 b5 33.
axb5 axb5 34. Bc1 gxf5 35. Rxf5 Rg6 36. Be3 Qc6 37. Qf3 Qe6 38. Ra7 Rf8 39. h4 b4 40.
cxb4 c3 41. Rc7 c2 42. Rxc2 Ne1 43. Qd1 Nxc2 44. Qxc2 Kh8 45. h5 Rg4 46. Bg5 f6 47. Bh6 Rfg8 48. Rf2 f5 49. Bc1 Rxe4 50. Bd2 Qd5 51.
Bc3 f4 52. Rd2 Qb7 53. Qb2 Qe7 54. Kf2 f3 55. g3 Rg5 56. Kxf3 Re1 57. Kf2 Re4 58.
Re2 Rxe2+ 59. Qxe2 Rf5+ 60. Kg2 Kg8 61. Qg4+ Rg5 62.
Qc4+ Kf8 63. Qc8+ Kf7 64. Qc4+ Kf6 65. Qf1+ Rf5 66. Qa6+ Qe6 67. Qb5 Qd6 68. Qb7 h6 69.
Qe4 Qe6 70. Qe3 Kg7 71. g4 Rg5 72. Kg3 Qf6 73. Qf3 Qxf3+ 74. Kxf3 Kf7 75. Ke4 Rxg4+ 76. Kxe5 Rg5+ 77. Kd6 Rxh5 78. Kc6 Rh3 79. Bd2 Rd3 80.
Bxh6 Rb3 81. b5 Rxb5 82. Kxb5 1/2-1/2

[Event "Early-Titled-Tuesday-Blitz-May-14-2024"]
[Site "Chess.com"]
[Date "2024.05.14"]
[Round "8"]
[White "Happy1712Drummer"]
[Black "Maria_Elayza"]
[Result "1-0"]
[WhiteElo "2449"]
[BlackElo "2274"]
[TimeControl "180+1"]
[EndTime "9:32:20 PDT"]
[Termination "Happy1712Drummer won by checkmate"]

1. e4 e6 2. d4 d5 3. e5 c5 4. c3 Qb6 5. Nf3 Bd7 6. Be2 Bb5 7. c4 Bxc4 8. Bxc4 dxc4 9. d5 exd5 10. Qxd5 Ne7 11. Qxc4 Nbc6 12. O-O O-O-O 13. Qxf7 Ng6 14.
Qf5+ Kb8 15. Nc3 Be7 16. Be3 Rhf8 17. Qe4 Qc7 18. Nd5 Qd7 19. Nxe7 Qxe7 20. Rac1 Ncxe5 21. Nxe5 Qxe5 22. Qxe5+ Nxe5 23. Rxc5 Ng4 24. Bg5 Rd4 25. h3 Nf6 26. Re1 Rd7 27. Rce5 a6 28. R1e2 Rc8 29. g4 Rd3 30. Kg2 h6 31. Bxf6 gxf6 32. R5e3 Rd6 33.
Kg3 Rc1 34. Rf3 Ra1 35. a3 Rb1 36. b4 Rbd1 37. Ree3 Ka7 38. Rc3 Kb6 39. Rfe3 Rg1+ 40.
Kf4 Rf1 41. Rf3 Rd2 42. Kf5 Rd6 43. Kg6 Rh1 44. Kxh6 f5+ 45. Kg5 fxg4 46. hxg4 Rhh6 47. Kf4 Rhg6 48. Kg3 Rd4 49. Rf4 Rd5 50. Rfc4 Rdg5 51. f3 Rg7 52. Rc5 R5g6 53. R3c4 Rf6 54. f4 Rfg6 55.
g5 Rd6 56. Kg4 Rdg6 57. a4 Ka7 58. a5 Kb8 59. Rc8+ Ka7 60. R8c7 Rg8 61. Rf7 Kb8 62.
Rcc7 Rd6 63. Rxb7+ Ka8 64. Rbe7 Rd4 65. Rb7 Re8 66. Rb6 Rdd8 67. g6 Rg8 68. g7 Rde8 69. f5 Re1 70. Kg5 Rg1+ 71. Kf6 Rd1 72. Rf8+ Rd8 73.
Rxg8 Rxg8 74. Kf7 Ka7 75. Kxg8 Ka8 76. Kf7 Ka7 77. Ke7 Ka8 78. g8=Q+ Ka7 79. Qb8# 1-0

[Event "Early-Titled-Tuesday-Blitz-May-14-2024"]
[Site "Chess.com"]
[Date "2024.05.14"]
[Round "8"]
[White "Kirill_Klukin"]
[Black "IvanMorovic"]
[Result "1-0"]
[WhiteElo "2830"]
[BlackElo "2593"]
[TimeControl "180+1"]
[EndTime "9:32:24 PDT"]
[Termination "Kirill_Klukin won by checkmate"]

1. d4 d5 2. c4 e6 3. Nc3 c5 4.
cxd5 exd5 5. Nf3 Nc6 6. g3 Nf6 7. Bg2 Be7 8. Bg5 O-O 9. O-O cxd4 10. Nxd4 h6 11. Bf4 Re8 12. Rc1 Bb4 13. Ncb5 Nxd4 14. Qxd4 Ba5 15. Bc7 Qd7 16. Bxa5 Qxb5 17. Bc3 Rxe2 18.
Rfd1 Re8 19. Qf4 Ne4 20. Bd4 Be6 21. h4 f6 22. Bf1 Qd7 23. Rc7 Qd6 24. Rxb7 Qxf4 25.
gxf4 Nd6 26. Rb3 Nf5 27. Bc5 d4 28. Rbd3 Bxa2 29. Bxd4 Bc4 30. R3d2 Bxf1 31. Kxf1 Nxh4 32. Bc3 Nf5 33. Rd7 Re7 34. R7d5 Nh4 35. Ra1 Ng6 36. Rd4 Rae8 37. Rda4 Re4 38. Rxe4 Rxe4 39. f5 Nh4 40. Rxa7 Nxf5 41. Rc7 h5 42. b4 h4 43. Kg2 Rg4+ 44.
Kh3 Rf4 45. Kg2 Rg4+ 46. Kh3 Rg1 47. b5 Rh1+ 48. Kg2 Rc1 49. Rc5 Nd6 50. b6 Kf7 51.
Rc6 Ne4 52. Rc7+ Kg6 53. Bxf6 Rxc7 54. bxc7 Nd6 55. Bxh4 Nc8 56. Bg3 Kf5 57. Kf3 g5 58. Ke3 g4 59. Kd4 Ne7 60. Kc5 Ke6 61. Kd4 Kd7 62. Ke4 Ke6 63. Kf4 Nc8 64. Kxg4 Kf6 65. Kf4 Ke6 66. Ke4 Kd7 67. Kd5 Ne7+ 68. Kc5 Kc8 69.
Be5 Ng6 70. Bd6 Nh4 71. f4 Nf5 72. Be5 Ne7 73. Kd6 Ng6 74. Ke6 Nh4 75. f5 Nf3 76.
f6 Ng5+ 77. Ke7 Nf3 78. Bf4 Nd4 79. f7 Nf5+ 80. Kf6 Nd4 81. f8=Q+ Kb7 82. c8=Q+ Kb6 83. Qfc5# 1-0

[Event "Early-Titled-Tuesday-Blitz-May-14-2024"]
[Site "Chess.com"]
[Date "2024.05.14"]
[Round "8"]
[White "biveklama"]
[Black "Legendinunknown"]
[Result "1/2-1/2"]
[WhiteElo "2582"]
[BlackElo "2823"]
[TimeControl "180+1"]
[EndTime "9:32:25 PDT"]
[Termination "Game drawn by repetition"]

1. e4 c5 2. Nf3 e6 3. d4 cxd4 4. Nxd4 a6 5. Nc3 Qc7 6. Be2 Nf6 7. a3 Bc5 8. O-O O-O 9. Be3 b5 10. f4 d6 11. Kh1 Bb7 12. Bd3 Nbd7 13. Qe1 Qb6 14.
Nce2 e5 15. c3 Nxe4 16. b4 exd4 17. cxd4 Bxb4 18. axb4 Ndf6 19. Qh4 Rfe8 20. Bg1 Rac8 21. Ng3 Nxg3+ 22. Qxg3 Be4 23. d5 Qd8 24. Rfd1 Bxd3 25. Qxd3 Rc4 26. Rxa6 Rxb4 27. Bd4 Qe7 28. h3 h6 29. Ra7 Qe4 30. Bxf6 Qxd3 31. Rxd3 gxf6 32. Rd7 Rxf4 33. Rxd6 Rb8 34. Rc6 b4 35. d6 Kf8 36.
d7 Rd8 37. Rb6 Ke7 38. Rb7 Re4 39. Kh2 f5 40. Rd5 Ke6 41. Rd2 f4 42. Rb6+ Ke7 43.
Rb7 h5 44. h4 f3 45. gxf3 Rxh4+ 46. Kg3 Rc4 47. Kf2 h4 48. Re2+ Kf6 49. Rb6+ Kg7 50.
Rd2 Kf8 51. Rb5 f6 52. Rb6 Ke7 53. Rb7 f5 54. Re2+ Kf7 55. Rd2 f4 56. Rb5 Ke7 57.
Re5+ Kf7 58. Rh5 Ke6 59. Rh6+ Ke7 60. Rxh4 b3 61. Rh7+ Ke6 62. Rh6+ Ke7 63. Rb6 Rc3 64. Rb7 Ke6 65. Re2+ Kf7 66. Rd2 Ke7 67. Ke2 Re3+ 68. Kf2 Kf7 69. Rb4 Ke7 70. Rxf4 Re6 71. Rfd4 Rb6 72.
Rb2 Rxd7 73. Rxd7+ Kxd7 74. Ke3 Kc6 75. Kd3 Kc5 76.
Kc3 Rf6 77. Rxb3 Rxf3+ 78. Kb2 Rf2+ 79. Ka3 Rf8 80. Rc3+ Kd4 81. Rc7 Rb8 82. Ka4 Kd5 83. Ka5 Kd6 84. Rc1 Kd5 85. Ka6 Kd4 86. Ka7 Rb2 87. Ka6 Kd3 88. Rc8 Rb3 89. Ka5 Rb7 90.
Ka4 Rb1 91. Ka5 Rb3 92. Ka6 Kd2 93. Ka5 Rd3 94. Ka6 Rd6+ 95. Kb7 Kd3 96. Kc7 Rh6 97. Kb7 Kd4 98. Ka7 Rf6 99. Rc1 Kd5 100. Kb7 Rf3 101. Ka7 Rb3 102. Ka6 Ra3+ 103. Kb5 Ra2 104. Kb4 Rb2+ 105. Ka3 Rb8 106. Ka4 Kd4 107. Ka5 Kd3 108. Ka6 Rb2 109. Rc8 Ra2+ 110. Kb7 Rb2+ 111. Ka6 1/2-1/2

[Event "Early-Titled-Tuesday-Blitz-May-14-2024"]
[Site "Chess.com"]
[Date "2024.05.14"]
[Round "8"]
[White "Hope_6"]
[Black "praveenb2002"]
[Result "1-0"]
[WhiteElo "2656"]
[BlackElo "2841"]
[TimeControl "180+1"]
[EndTime "9:32:27 PDT"]
[Termination "Hope_6 won by resignation"]

1. e4 c6 2. Nc3 d5 3. Qf3 dxe4 4. Nxe4 Nd7 5. d4 Ngf6 6. Bc4 Nb6 7. Bd3 Qxd4 8. Ne2 Qe5 9. O-O Nxe4 10. Bxe4 g6 11.
c3 Bg7 12. Bf4 Qf6 13. Qg3 O-O 14. Rfe1 h6 15. Rad1 e5 16. Bc1 Be6 17. b3 Rfd8 18. c4 Rxd1 19. Rxd1 Rd8 20. Re1 Nd7 21. Be3 Qe7 22. Bb1 Nc5 23. Nc3 Nd3 24. Rd1 Nf4 25.
Qf3 Rxd1+ 26. Qxd1 Qb4 27. Ne4 Kh7 28. Bxa7 b6 29.
Bb8 f5 30. Nd6 Qc3 31. Ne8 Bf8 32. g3 Nh5 33. Kg2 Be7 34. Bd6 Bd8 35. Bxe5 Qxe5 36. Qxd8 Bf7 37. Nd6 Be6 38. Qe7+ Ng7 39. Qd8 Qd4 40.
Qe7 Qe5 41. Qc7 Qb2 42. Ne8 Kh8 43. Qxg7+ Qxg7 44. Nxg7 Kxg7 45. f4 c5 46. Kf3 Kf6 47. Ke3 g5 48. h4 gxh4 49. gxh4 Ke7 50. Bd3 Kd6 51. Be2 Bd7 52. Bf3 Be6 53. a3 Bd7 54. Kd3 Be6 55. b4 Bd7 56. Kc3 Be6 57. Bg2 Bd7 58. Bb7 Kc7 59. Bd5 Kd6 60. Bg2 Be6 61. Bf1 Bd7 62. Bd3 Be6 63. Bc2 Bd7 64. a4 Be6 65. a5 cxb4+ 66. Kxb4 bxa5+ 67. Kb5 Bd7+ 68. Kb6 a4 69. c5+ Kd5 70. Bb1 Kc4 71. c6 Bxc6 72. Kxc6 Kb3 73. Bxf5 a3 74. Be6+ Kc3 75. f5 Kd4 76.
Kd6 Ke4 77. f6 a2 78. Bxa2 1-0

[Event "Early-Titled-Tuesday-Blitz-May-14-2024"]
[Site "Chess.com"]
[Date "2024.05.14"]
[Round "8"]
[White "viktorgen2021"]
[Black "Grossboss19"]
[Result "1-0"]
[WhiteElo "2521"]
[BlackElo "2626"]
[TimeControl "180+1"]
[EndTime "9:32:28 PDT"]
[Termination "viktorgen2021 won by checkmate"]

1. d4 Nf6 2. Nf3 e6 3. g3 c5 4. c4 cxd4 5. Nxd4 Nc6 6. Bg2 Be7 7. O-O O-O 8. Nc3 a6 9. b3 Qc7 10. Bb2 b6 11. Rc1 Bb7 12. Qd2 Nxd4 13. Qxd4 Bxg2 14.
Kxg2 Rfd8 15. Rfd1 Qb7+ 16. f3 d5 17. cxd5 exd5 18. Na4 b5 19. Nc5 Qb6 20. b4 a5 21.
a3 axb4 22. axb4 Ra2 23. Ra1 Rda8 24. Rxa2 Rxa2 25. Ra1 Qa7 26. Rxa2 Qxa2 27. Qe5 h6 28. Nd3 Bf8 29. Qe3 Nd7 30. Qe8 Nb6 31. Bd4 Qa8 32.
Qxb5 Nc4 33. Nf4 Qa2 34. Qxd5 g5 35. Nh5 Qxe2+ 36. Kh3 Qe6+ 37. Qxe6 fxe6 38. b5 Kf7 39. b6 e5 40. Bf2 Na5 41. Kg4 Kg6 42. f4 exf4 43.
gxf4 gxf4 44. Nxf4+ Kf7 45. Kf5 Bd6 46. h4 Nb7 47.
Nd5 Bh2 48. h5 Nd6+ 49. Kg4 Ke6 50. Nf4+ Ke5 51. Ng6+ Ke4 52. Ne7 Nb7 53. Ng8 Bf4 54. Bg3 Bxg3 55. Kxg3 Kf5 56. Kh4 Nd6 57. Nxh6+ Kf4 58.
Ng8 Kf5 59. Kg3 Kg5 60. h6 Kg6 61.
Kf4 Nb7 62. Ke5 Kh7 63. Nf6+ Kxh6 64. Ke6 Kg6 65. Nd5 Na5 66. Kd7 Kf7 67. Nb4 Nb7 68. Nc6 Kf8 69. Nd8 Nc5+ 70. Kd6 Na6 71. b7 Ke8 72.
Nc6 Kf7 73. Kd7 Kf8 74. Kc8 Ke8 75. Nb4 Nc5 76. b8=Q Nd7 77. Qc7 Nf6 78. Qe5+ Kf7 79. Nd5 Ne8 80. Kd8 Ng7 81. Qe7+ Kg6 82. Qf6+ Kh7 83.
Ke7 Nh5 84. Qg5 Ng7 85. Nf6+ Kh8 86. Qh6# 1-0

[Event "Early-Titled-Tuesday-Blitz-May-14-2024"]
[Site "Chess.com"]
[Date "2024.05.14"]
[Round "8"]
[White "meoluoi91"]
[Black "Timerkhanov"]
[Result "1-0"]
[WhiteElo "2580"]
[BlackElo "2702"]
[TimeControl "180+1"]
[EndTime "9:32:30 PDT"]
[Termination "meoluoi91 won by checkmate"]

1. d4 d5 2. c4 e6 3. Nc3 Nf6 4.
Bg5 Be7 5. e3 O-O 6. Nf3 h6 7.
Bh4 Ne4 8. Bxe7 Qxe7 9. Qc2 Nxc3 10. Qxc3 c6 11. Bd3 Nd7 12. O-O dxc4 13. Bxc4 c5 14. Rac1 cxd4 15. exd4 Nf6 16. Rfe1 b5 17. Bxb5 Bb7 18.
Ne5 Nd5 19. Qg3 Rad8 20. a3 Nf6 21. Red1 Ne4 22. Qe3 Bd5 23. Bc6 Rc8 24. Bxd5 exd5 25. Qb3 Qe6 26. f3 Nd6 27. Qa4 Rxc1 28. Rxc1 f6 29. Ng4 h5 30. Nf2 Qe3 31. Qd1 Nc4 32.
Rc3 Qf4 33. g3 Qd6 34. b3 Nxa3 35. Rc5 a6 36. f4 Nb5 37. Qxh5 Nxd4 38. Qxd5+ Qxd5 39. Rxd5 Nxb3 40. Ne4 Ra8 41. Nc3 a5 42. Na4 Rb8 43.
Kg2 Kh8 44. Kh3 Kh7 45. Kg4 Rb4 46. Nc3 Rc4 47. Nb5 a4 48. Rd7 Rb4 49. Nd6 Rb8 50.
Ra7 Nd4 51. Rxa4 Ne6 52. Ra7 Rd8 53. Nf5 Kg6 54. h4 Kh7 55. h5 Re8 56. h6 Kg6 57.
Nxg7 Nxg7 58. h7 Kxh7 59. Kf3 Kg6 60. g4 Rb8 61. Ra6 Kf7 62. Ra7+ Kg6 63. Kg3 Rb3+ 64.
Kh4 Rb1 65. f5+ Kh6 66. Ra6 Rh1+ 67. Kg3 Kg5 68. Ra7 Ne8 69. Re7 Nd6 70. Rg7+ Kh6 71. Rg6+ Kh7 72. Kf4 Rf1+ 73. Ke3 Re1+ 74. Kd4 Ne4 75.
Kd5 Nf2 76. g5 fxg5 77. Rxg5 Rd1+ 78. Ke6 Ne4 79. Rg4 Nc5+ 80. Kf7 Re1 81. Rh4# 1-0

[Event "Early-Titled-Tuesday-Blitz-May-14-2024"]
[Site "Chess.com"]
[Date "2024.05.14"]
[Round "8"]
[White "David_Arutinian"]
[Black "santosalberto1987"]
[Result "1-0"]
[WhiteElo "2840"]
[BlackElo "2610"]
[TimeControl "180+1"]
[EndTime "9:32:43 PDT"]
[Termination "David_Arutinian won on time"]

1. Nf3 Nf6 2. c4 c6 3. e3 d5 4. Nc3 a6 5. d4 Bf5 6. Qb3 Ra7 7. Bd2 e6 8. Be2 h6 9. O-O Nbd7 10. a4 Be7 11. a5 O-O 12. Rfc1 Ne4 13. Be1 Bd6 14.
Nxe4 Bxe4 15. Bb4 Qe7 16. Bxd6 Qxd6 17. Nd2 Bg6 18. Qa3 Qxa3 19. Rxa3 Nf6 20. Rb3 Ne4 21. Nf3 f6 22. Rb6 Nd6 23. Rb4 Kf7 24. Kf1 Ke7 25. Ke1 Kd7 26. Nd2 Be4 27. f3 Bh7 28. Nb3 Re8 29. Nc5+ Kc7 30. Kd2 Bg8 31. Bf1 e5 32.
cxd5 exd4 33. Rxd4 Bxd5 34. e4 Bf7 35. Kc3 Raa8 36. Rcd1 Rad8 37. Kb4 Bg8 38. R1d2 Bf7 39. g3 Bg8 40. h4 Bf7 41. Na4 Bg8 42. b3 Nc8 43.
Nc5 Rxd4+ 44. Rxd4 Nd6 45. Kc3 Be6 46. Kd2 Bf7 47.
b4 Bg8 48. Bd3 Bf7 49. f4 Bg8 50. Bf1 Bf7 51. Bh3 Bg8 52. Bf1 Bh7 53. Bg2 Bg8 54.
Bf3 Bf7 55. Kd3 Bg8 56. Bg4 Bf7 57. Nxb7 Bc4+ 58. Kc2 Nxb7 59. Rxc4 Nd6 60. Rd4 Rxe4 61. Kd3 Re1 62. Kd2 Rg1 63. Rd3 Rb1 64. Kc3 Rc1+ 65.
Kb2 Rg1 66. h5 Rg2+ 67. Kb3 Rg1 68. Be6 Re1 69. Bg8 Rg1 70. Bh7 Rb1+ 71. Kc3 Rc1+ 72. Kb2 Rg1 73. Kc2 Rg2+ 74. Kc3 Rg1 75. Re3 Rc1+ 76.
Kb3 Kd7 77. Bg6 Rg1 78. Rd3 Kc7 79. Rc3 Rf1 80. Re3 Kd7 81. Bc2 Rg1 82. Kc3 Nb5+ 83. Kc4 Nd6+ 84. Kd3 Rc1 85. Kd2 Rg1 86. Bg6 Kc7 87.
Ke2 Kd7 88. Kf2 Rb1 89. Bxb1 1-0

[Event "Early-Titled-Tuesday-Blitz-May-14-2024"]
[Site "Chess.com"]
[Date "2024.05.14"]
[Round "8"]
[White "Aleksandar-Topalov"]
[Black "LeoWin2012"]
[Result "0-1"]
[WhiteElo "2457"]
[BlackElo "2334"]
[TimeControl "180+1"]
[EndTime "9:32:57 PDT"]
[Termination "LeoWin2012 won on time"]

1. b3 d5 2. Bb2 Bf5 3. Nf3 e6 4. g3 Nf6 5. Bg2 Be7 6. O-O c6 7. d3 Nbd7 8. Nbd2 h6 9. c4 O-O 10. a3 Re8 11. b4 a6 12. Qb3 Bd6 13. Rfd1 Bc7 14. Rac1 Qb8 15. Qc3 e5 16. cxd5 Nxd5 17. Qb3 N5f6 18. Nc4 Be6 19. Qc2 Bd5 20. a4 e4 21. dxe4 Bxe4 22. Qc3 b5 23. Ncd2 Bd5 24. Nd4 Bxg2 25. Kxg2 Ne5 26. a5 Qb7 27. Kg1 Bd6 28. Nf5 Bf8 29. f4 Neg4 30. h3 Qa7+ 31. Qd4 Ne3 32. Nxe3 Rxe3 33. Qxa7 Rxa7 34. Bd4 Rxg3+ 35.
Kf2 c5 36. Kxg3 cxd4 37. Rc8 g6 38. Nf3 Ne4+ 39. Kg2 Kg7 40. Rxd4 Nd6 41. Rxf8 Nf5 42. Rfd8 Re7 43. e4 Ne3+ 44. Kf2 Nc4 45. Rxc4 bxc4 46. Ke3 Rb7 47. Kd4 Rxb4 48. Re8 Ra4 49. Nd2 Rxa5 50. Nxc4 Rh5 51. e5 Rxh3 52. Ra8 Rh1 53. Rxa6 Rd1+ 54. Ke4 h5 55. Ne3 Re1 56. Ra7 h4 57. e6 Rb1 58.
Rxf7+ Kg8 59. Rf6 Rb4+ 60. Kf3 h3 61. Rxg6+ Kf8 62. Rg3 h2 63. Rh3 Rb6 64. Rxh2 Rxe6 65. Rh8+ Kg7 66. Rh5 Ra6 67. Rg5+ Kf7 68. Rf5+ Kg6 69.
Rg5+ Kf7 70. Re5 Ra3 71. Ke4 Ra4+ 72. Kf5 Ra3 73. Nd5 Ra6 74. Re7+ Kf8 75. Ke5 Ra5 76. Rc7 Ra1 77. f5 Re1+ 78. Kf6 Ke8 79. Rc8+ Kd7 80. Rg8 Kd6 81. Nf4 Rf1 82. Ne6 Re1 83. Rg7 Rf1 84. Rf7 Rf2 85. Ng5 Rg2 86. Rf8 Rxg5 87. Rf7 Rg1 88. Rf8 Rf1 89. Re8 Kd7 90. Re6 Rh1 91.
Ra6 Rh6+ 92. Kg7 Rxa6 93. f6 Ra1 94. f7 Rg1+ 95. Kf8 Rf1 96. Kg8 Ke7 97. f8=Q+ Rxf8+ 0-1

[Event "Early-Titled-Tuesday-Blitz-May-14-2024"]
[Site "Chess.com"]
[Date "2024.05.14"]
[Round "8"]
[White "Viktoker"]
[Black "Shuvalov"]
[Result "1-0"]
[WhiteElo "2365"]
[BlackElo "2533"]
[TimeControl "180+1"]
[EndTime "9:33:12 PDT"]
[Termination "Viktoker won by checkmate"]

1. d4 Nf6 2. c4 g6 3. Nc3 d5 4. cxd5 Nxd5 5. e4 Nxc3 6. bxc3 Bg7 7. Bc4 c5 8. Ne2 O-O 9. Be3 Nc6 10. h4 cxd4 11.
cxd4 Qa5+ 12. Kf1 Qa3 13. Rb1 Bg4 14. Qd2 Bxe2+ 15. Qxe2 Nxd4 16. Qd2 Rad8 17. Rh3 Qa4 18. Bd3 Nc6 19. h5 Ne5 20. Qc2 Qxc2 21. Bxc2 b6 22. Bb3 Ng4 23. Bg5 Bf6 24. Bc1 e6 25. f3 Ne5 26.
Ba3 Rfe8 27. f4 Nd7 28. e5 Be7 29. Ba4 Bxa3 30. Rxa3 Rf8 31. Bc6 Nc5 32. hxg6 fxg6 33. Rxa7 Rxf4+ 34. Kg1 Rf5 35. Rxb6 Rxe5 36. a4 Rf8 37.
Bb5 Rf7 38. Rb8+ Kg7 39. Rxf7+ Kxf7 40. a5 Re1+ 41. Kh2 Ra1 42. a6 Kf6 43. Rc8 Ne4 44. Rc4 Ke5 45. Ra4 Rb1 46. a7 Rxb5 47. a8=Q Rd5 48.
Qb8+ Kf5 49. Qf8+ Nf6 50. Ra3 Kg5 51. Rg3+ Ng4+ 52. Rxg4+ Kxg4 53. Qf3+ Kg5 54. Qe3+ Kf6 55. Kg1 h5 56. Qf4+ Rf5 57. Qc7 Rd5 58. Qc8 Kf7 59. Qh8 Rf5 60. g3 Rd5 61. Kg2 Rf5 62. Kh3 Rd5 63.
Kh4 Rf5 64. Qh7+ Kf6 65. Qc7 Rd5 66. Qc8 Kf7 67. Qc7+ Kf6 68. Qc3+ Kf7 69. Qf3+ Rf5 70. Qe3 Rd5 71. g4 hxg4 72. Kxg4 Rf5 73. Qb6 Rd5 74.
Qc7+ Kf6 75. Qf4+ Rf5 76. Qc7 Rd5 77. Kf4 Rf5+ 78. Ke4 Rd5 79. Qc8 Rf5 80. Qh8+ Kf7 81. Qh7+ Kf6 82. Qh8+ Kf7 83. Ke3 Rd5 84. Kf3 Rf5+ 85.
Kg4 Rd5 86. Qh7+ Kf6 87. Qg8 Rf5 88. Qf8+ Ke5 89. Qc5+ Kf6 90. Qf8+ Ke5 91. Qg7+ Kd6 92. Qxg6 Ke7 93. Qg7+ Ke8 94. Qa7 Kf8 95. Qb7 Ke8 96.
Qc7 Kf8 97. Qd7 Rf6 98. Kg5 Rf5+ 99. Kg6 Rf1 100. Qd8# 1-0